 Dungeon Crawl Stone Soup version 0.14-a0-3315-g09e681a (webtiles) character file.

451 Kae the Cleaver (level 6, -5/51 HPs)
             Began as a Hill Orc Fighter on Mar 15, 2014.
             Slain by an orc wizard
             ... wielding a +2,+2 dagger of electrocution
              (24 damage)
             ... on Level 4 of the Dungeon.
             The game lasted 00:03:11 (3220 turns).

Kae the Cleaver (Hill Orc Fighter)                  Turns: 3220, Time: 00:03:12

HP  -5/51        AC  9     Str 26      XL: 6   Next: 35%
MP   6/6         EV  7     Int  8      God:
Gold 155         SH 19     Dex 10      Spells:  0 memorised,  5 levels left

rFire  . . .     SeeInvis .     a - +0 war axe
rCold  . . .     Clarity  .     b - +0 scale mail
rNeg   . . .     Conserve .     c - +0 shield
rPois  .         rCorr    .     k - +0 helmet
rElec  .         rRot     .     (no cloak)
SustAb . .       Spirit   .     m - +0 pair of gloves
rMut   +         Warding  .     (no boots)
Saprov + . .     Stasis   .     t - amulet of resist mutation {unknown}
MR     .....                    (no ring)
                                (no ring)

@: mighty, not resistant to hostile enchantments, extremely unstealthy
A: saprovore 1
a: no special abilities


You were on level 4 of the Dungeon.
You were hungry.

You visited 1 branch of the dungeon, and saw 4 of its levels.

You collected 155 gold pieces.

Inventory:

Hand weapons
 a - a +0,+0 war axe (weapon)
Armour
 b - a +0 scale mail (worn)
 c - a +0 shield (worn)
 k - a +0 helmet (worn)
 m - a +0 pair of gloves (worn)
Magical devices
 s - a wand of teleportation (3) {unknown}
 y - a wand of random effects (15) {unknown}
Comestibles
 d - a meat ration
 j - a choko
 l - 2 pears
 n - an orange
 q - an apple
 v - a lemon
 z - a bread ration
 B - a chunk of goblin flesh
Scrolls
 f - a scroll of noise
 g - 5 scrolls of teleportation
 i - a scroll of remove curse
 u - 3 scrolls of immolation {unknown}
 w - a scroll of identify
 x - a scroll of fear {unknown}
 A - a scroll of amnesia {unknown}
Jewellery
 t - an amulet of resist mutation (around neck) {unknown}
Potions
 e - a potion of might
 h - 5 potions of curing
 o - a potion of resistance {unknown}
 p - a potion of brilliance {unknown}
 r - a potion of berserk rage {unknown}


   Skills:
 - Level 3.6 Fighting
 + Level 8.6 Axes
 - Level 3.2 Armour
 - Level 3.2 Shields


You had 5 spell levels left.
You didn't know any spells.

Dungeon Overview and Level Annotations

Branches:
Dungeon (4/15)
 Temple: D:4-7

Altars:
Dithmenos
Fedhas
Nemelex Xobeh
Zin


Innate Abilities, Weirdness & Mutations

You can tolerate rotten meat.


Message History

Things that are here:
a hand axe; an orc corpse You barely miss something.
You closely miss the orc. Something hits you. You block the orc's attack.
You hit something. You hit the orc.
You kill the orc!
You block its attack.
No target in view!
No target in view!
No target in view!
No target in view!
No target in view!
No target in view!
No target in view!
No target in view!
No target in view!
No target in view!
No target in view!
Something hits you.
You are electrocuted!
You die...

.<.....##)............#
.......'..####........#
.......#### #####.####
#####'## #.# #....# #..
##.######## ###.
#.........# #########+#
#...(.....####...<......#
#...........##..@.......#
#.........#..'.)........#
#.........####.)........
#)........# #..........
..........# #..........
#.........# #.........
########### #########


There were no monsters in sight!

Vanquished Creatures
  An ogre (D:4)
  An orc wizard (D:4)
  A worker ant (D:4)
  7 adders
  A worm (D:3)
  2 oozes (D:3)
  8 orcs
  6 bats
  5 giant cockroaches
  4 goblins
  12 hobgoblins
  9 jackals
  9 kobolds
  2 quokkas
  3 ball pythons
  3 giant geckos
  5 giant newts
  A jackal skeleton (D:4)
  9 rats
89 creatures vanquished.

Notes
Turn   | Place    | Note
--------------------------------------------------------------
     0 | D:1      | Kae, the Hill Orc Fighter, began the quest for the Orb.
     0 | D:1      | Reached XP level 1. HP: 19/19 MP: 1/1
   215 | D:1      | Reached XP level 2. HP: 10/26 MP: 2/2
   501 | D:1      | Reached skill level 4 in Axes
   876 | D:2      | Reached XP level 3. HP: 31/31 MP: 3/3
   943 | D:2      | Reached skill level 5 in Axes
  1349 | D:2      | Reached XP level 4. HP: 39/39 MP: 4/4
  1689 | D:3      | Found a shadowy altar of Dithmenos.
  1807 | D:3      | Reached skill level 6 in Axes
  2131 | D:3      | Reached XP level 5. HP: 39/45 MP: 5/5
  2208 | D:3      | Found a glowing silver altar of Zin.
  2208 | D:3      | Found a blossoming altar of Fedhas.
  2209 | D:3      | Found a sparkling altar of Nemelex Xobeh.
  2498 | D:4      | Reached skill level 7 in Axes
  2850 | D:4      | Noticed an ogre
  3183 | D:4      | Killed an ogre
  3183 | D:4      | Reached skill level 8 in Axes
  3183 | D:4      | Reached XP level 6. HP: 51/51 MP: 6/6
  3220 | D:4      | Slain by an orc wizard

Action                   |  1- 3 |  4- 6 || total
-------------------------+-------+-------++-------
Melee: War axe           |    93 |   181 ||   274
  Use: Scroll            |       |     5 ||     5
       Potion            |       |     1 ||     1
